 Dungeon Crawl Stone Soup version 0.25-a0-413-g3b4b6a4ccc (webtiles) character file.

Game seed: 17964957986323074203, levelgen mode: deterministic

116522 MisterFreud the Slicer (level 16, -7/154 HPs)
             Began as a Gnoll Chaos Knight on Jan 15, 2020.
             Was a Plaything of Xom.
             Mangled by an eight-headed hydra (8 damage)
             ... on level 4 of the Swamp on Jan 16, 2020.
             The game lasted 01:27:13 (27698 turns).

MisterFreud the Slicer (Gnoll Chaos Knight)        Turns: 27698, Time: 01:27:14

Health: -7/154     AC: 20    Str: 24    XL:     16   Next: 71%
Magic:  30/30      EV: 18    Int: 22    God:    Xom [....*.]
Gold:   589        SH:  0    Dex: 13    Spells: 21/36 levels left

rFire    . . .     SeeInvis .   L - +2 long sword (flame)
rCold    + + .     Gourm    .   (no shield)
rNeg     + . .     Faith    .   b - +3 leather armour
rPois    .         Spirit   .   y - +2 hat {MR+}
rElec    .         Reflect  .   W - +0 cloak
rCorr    .         Harm     .   M - +2 pair of gloves
MR       ++...                  t - +2 pair of boots
Stlth    ++++......             i - amulet of the acrobat
HPRegen  0.75/turn              U - +4 ring of slaying
MPRegen  0.22/turn              C - ring "Zerawn" {rC++ rN+ Str+8 Int-2}

@: berserk cooldown, slowed, studying Crossbows, very slow
A: distributed training, antennae 2, claws 2, fangs 1, talons 1, yellow scales
1, blurry vision 2, clever 2, clumsy 1, regeneration 1, robust 2, screaming 1,
strong nose
a: Renounce Religion


You were on level 4 of the Swamp.
You worshipped Xom.
You were a beloved toy of Xom.
You were not hungry.

You visited 4 branches of the dungeon, and saw 27 of its levels.

You collected 2514 gold pieces.
You spent 1925 gold pieces at shops.

Inventory:

Hand Weapons
 L - a +2 long sword of flaming (weapon)
 Q - a +9 rapier of electrocution
 V - a +1 eveningstar of protection
Missiles
 a - 6 silver javelins
 d - 775 stones (quivered)
 e - 122 sling bullets
 g - 570 arrows
 l - 305 bolts
 o - 10 javelins
 J - 4 boomerangs of dispersal
 P - 58 poisoned darts
 S - 19 boomerangs
 Y - 7 curare-tipped darts
Armour
 b - a +3 leather armour (worn)
 t - a +2 pair of boots (worn)
 y - a +2 hat of magic resistance (worn)
 M - a +2 pair of gloves (worn)
 W - a +0 cloak (worn)
Jewellery
 i - an amulet of the acrobat (around neck)
 B - an uncursed ring of protection from fire
 C - the ring "Zerawn" (right hand) {rC++ rN+ Str+8 Int-2}
   (You bought it in a shop on level 2 of the Orcish Mines)

   [ring of positive energy]

   It affects your strength (+8).
   It affects your intelligence (-2).
   It greatly protects you from cold.
   It protects you from negative energy.
 U - a +4 ring of slaying (left hand)
 Z - an uncursed ring of protection from fire
Wands
 f - a wand of iceblast (25)
 n - a wand of digging (10)
 O - a wand of flame (36)
 X - a wand of disintegration (34)
Scrolls
 h - 7 scrolls of magic mapping
 j - 7 scrolls of amnesia
 k - 14 scrolls of remove curse
 m - 4 scrolls of fog
 p - a scroll of silence
 v - 16 scrolls of teleportation
 w - a scroll of blinking
 z - a scroll of fear
 F - 8 scrolls of identify
 G - 3 scrolls of enchant armour
Potions
 q - 7 potions of might
 r - 5 potions of heal wounds
 s - 3 potions of cancellation
 u - 2 potions of curing
 x - 4 potions of flight
 A - 5 potions of berserk rage
 D - 6 potions of haste
 H - a potion of mutation
 I - 4 potions of brilliance
 N - a potion of invisibility
 R - 2 potions of agility
Books
 K - a manual of Crossbows
Miscellaneous
 E - a box of beasts
 T - 2 phantom mirrors
Comestibles
 c - 54 rations


   Skills:
 + Level 12.4 Fighting
 + Level 12.4 Short Blades
 + Level 10.8 Long Blades
 + Level 10.8 Axes
 + Level 10.8 Maces & Flails
 + Level 10.8 Polearms
 + Level 10.8 Staves
 + Level 10.8 Slings
 + Level 10.8 Bows
 + Level 12.3 Crossbows
 + Level 10.8 Throwing
 + Level 11.6 Armour
 + Level 11.1 Dodging
 + Level 10.8 Stealth
 + Level 10.8 Shields
 + Level 10.8 Unarmed Combat
 + Level 10.8 Spellcasting
 + Level 9.2 Conjurations
 + Level 9.2 Hexes
 + Level 9.2 Charms
 + Level 9.2 Summonings
 + Level 9.2 Necromancy
 + Level 9.2 Translocations
 + Level 9.2 Transmutations
 + Level 9.2 Fire Magic
 + Level 9.2 Ice Magic
 + Level 9.2 Air Magic
 + Level 9.2 Earth Magic
 + Level 9.2 Poison Magic
 + Level 11.7 Invocations
 + Level 10.8 Evocations


You had 21 spell levels left.
You knew the following spells:

 Your Spells              Type           Power        Failure   Level  Hunger
a - Mephitic Cloud        Conj/Pois/Air  ######..     1%          3    None
b - Blink                 Tloc           N/A          1%          2    None
c - Summon Lightning Spi  Summ/Air       ######..     1%          4    #......
d - Deflect Missiles      Chrm/Air       ######....   22%         6    ######.

Your spell library contained the following spells:

 Spells                   Type           Power        Failure   Level  Hunger
 Apportation              Tloc           ######       1%          1    None
 Magic Dart               Conj           ####         1%          1    None
 Sandblast                Erth           ######       1%          1    None
 Summon Butterflies       Summ           ######..     1%          1    None
 Summon Small Mammal      Summ           ####         1%          1    None
 Call Imp                 Summ           ######..     1%          2    None
 Corpse Rot               Necr/Air       N/A          1%          2    None
 Passwall                 Tmut/Erth      ######..     1%          2    None
 Shroud of Golubria       Chrm/Tloc      ######       1%          2    None
 Slow                     Hex            ######..     1%          2    None
 Sublimation of Blood     Necr           ######....   1%          2    None
 Call Canine Familiar     Summ           ######..     1%          3    None
 Confusing Touch          Hex            ######..     1%          3    None
 Conjure Flame            Conj/Fire      ######..     1%          3    None
 Gell's Gravitas          Tloc           ######....   1%          3    None
 Lesser Beckoning         Tloc           ######....   1%          3    None
 Static Discharge         Conj/Air       ######..     1%          3    None
 Stone Arrow              Conj/Erth      ######       1%          3    None
 Summon Guardian Golem    Hex/Summ       ######..     1%          3    None
 Teleport Other           Tloc           ######..     1%          3    None
 Tukima's Dance           Hex            ######..     1%          3    None
 Cause Fear               Hex            ######....   1%          4    #......
 Dispel Undead            Necr           ######..     1%          4    #......
 Passage of Golubria      Tloc           N/A          1%          4    #......
 Petrify                  Tmut/Erth      ######..     1%          4    #......
 Summon Ice Beast         Ice/Summ       ######..     1%          4    #......
 Agony                    Necr           ######..     3%          5    ####...
 Alistair's Intoxication  Tmut/Pois      ######..     3%          5    ####...
 Bolt of Magma            Conj/Fire/Erth ######....   3%          5    ####...
 Excruciating Wounds      Chrm/Necr      ######....   3%          5    ####...
 Iskenderun's Battlesphe  Conj/Chrm      ######..     3%          5    ####...
 Lee's Rapid Deconstruct  Erth           ######....   3%          5    ####...
 Lightning Bolt           Conj/Air       ######....   3%          5    ####...
 Metabolic Englaciation   Hex/Ice        ######....   3%          5    ####...
 Silence                  Hex/Air        ######....   3%          5    ####...
 Summon Forest            Summ/Tloc      ######....   3%          5    ####...
 Yara's Violent Unravell  Hex/Tmut       ######....   3%          5    ####...
 Eringya's Noxious Bog    Tmut/Pois      ######....   22%         6    ######.
 Hydra Form               Tmut           ######....   22%         6    ######.
 Invisibility             Hex            ######..     22%         6    ######.
 Iron Shot                Conj/Erth      ######....   22%         6    ######.
 Orb of Destruction       Conj           ######....   75%         7    #######
 Spellforged Servitor     Conj/Summ      ######....   75%         7    #######
 Summon Hydra             Summ           ######....   75%         7    #######
 Discord                  Hex            ######....   100%        8    #######
 Ignition                 Fire           ######....   100%        8    #######
 Shatter                  Erth           ######....   100%        9    #######
 Tornado                  Air            ######....   100%        9    #######


Dungeon Overview and Level Annotations

Branches:
Dungeon (15/15)            Temple (0/1) D:4            Lair (6/6) D:8
  Swamp (4/4) Lair:2       Spider (0/4) Lair:4        Slime (0/5) Lair:6
    Orc (2/2) D:12            Elf (0/3) Orc:2        Vaults (0/5) D:13
 Depths (0/5) D:15

Altars:
Fedhas
Gozag
Hepliaklqana
Nemelex Xobeh
Okawaru
Qazlal
Sif Muna
Trog
Uskayaw
Xom
The Shining One
Jiyva

Shops:
D:4 :   D:7 (   Orc:2 !}%=*?*![

Annotations:
D:6 3 runed translucent doors, Yorgos's ghost, novice GnFi; Yorgos's ghost, novice OpMo
Swamp:3 2 transporters, Coluror's ghost, journeyman MiBe


Innate Abilities, Weirdness & Mutations

Your experience applies equally to all skills.
You have very sharp teeth.
Your uncanny sense of smell can sniff out nearby items.
You have a pair of antennae on your head.
You have very sharp fingernails.
You have sharp toenails.
You are partially covered in yellow scales. (AC +2)
Scrolls take you longer to read.
Your mind is very acute. (Int +4)
You are clumsy. (Dex -2)
Your natural rate of healing is unusually fast.
You are very robust. (+20% HP)
You occasionally shout uncontrollably at your foes.


Message History

The thorn hunter completely misses you.
The spectral six-headed hydra bites you but does no damage. x2
The spectral six-headed hydra completely misses you.
The spectral six-headed hydra bites you but does no damage. x3
The spectral six-headed hydra barely misses you. x2
The spectral six-headed hydra bites you!
* * * LOW HITPOINT WARNING * * *
The spectral six-headed hydra closely misses you. x2
The spectral six-headed hydra bites you!
* * * LOW HITPOINT WARNING * * *
The thorn hunter gestures.
Thorny briars emerge from the ground!
The eight-headed hydra bites you but does no damage.
The eight-headed hydra bites you.
* * * LOW HITPOINT WARNING * * *
The eight-headed hydra barely misses you.
The eight-headed hydra closely misses you. x2
The eight-headed hydra bites you!
You die...
Xom titters!

♣♣♣ ♣♣♣♣♣♣ ♣♣♣♣♣♣.≈.....≈≈..
♣♣♣≈♣..♣♣♣≈♣♣......♣♣....≈
♣♣.≈≈≈≈PPP.P♣.P.....≈..≈≈≈≈
♣♣.≈≈≈≈≈PPPPPP♣P≈.....≈≈≈≈≈≈
.≈≈≈≈≈≈≈≈.≈PP♣PP≈≈≈..≈≈≈≈≈≈≈
≈≈≈≈≈..Z°♣.♣≈≈≈...≈≈≈≈≈≈≈≈≈≈
≈≈≈≈≈Z○§≈.≈.Z.§P♣..≈≈≈≈≈≈≈≈≈
≈≈≈≈≈≈.♣$♣Z♣Z..P.≈.≈≈≈≈..≈≈.
.≈≈≈≈.≈≈≈♣♣@°≈PP≈≈..≈≈.≈
♣.......t°Df≈≈PP≈≈≈...≈
#♣♣≈....≈♣k°≈≈PP≈≈≈§...
♣♣.≈♣≈≈°≈≈≈≈.P≈≈≈≈.≈.
##♣.§..≈≈≈≈.<.≈≈≈≈♣≈
#.≈.≈.≈≈≈≈≈.≈≈≈.♣∆ ∆
.≈...≈≈≈≈≈≈≈≈≈≈≈≈
.≈....≈≈≈≈≈≈≈≈≈.


You could see a thorn hunter, an eight-headed hydra, a ghost crab, 2 spectral
six-headed hydras, a spectral blink frog, a spectral swamp dragon and a swamp
drake.

Vanquished Creatures
  Nikola (Swamp:1)
  A thorn hunter (Swamp:2)
  Kirke (Swamp:2)
  A dire elephant (D:13)
  4 ogre magi (Orc:2)
  A rakshasa (D:13)
  3 vault guards
  The ghost of Ycsot the Covert, a journeyman KoHu of Okawaru (Lair:1)
  15 hydras
  A centaur warrior (D:15)
  2 catoblepae (Lair:6)
  A queen ant (Lair:6)
  13 two-headed ogres
  11 alligators
  A tengu warrior (D:13)
  8 death yaks (Lair:6)
  An orc high priest (Orc:1)
  A glowing orange brain (D:15)
  A swamp dragon (Swamp:2)
  3 unseen horrors
  2 wizards
  A lindwurm (Swamp:4)
  3 orc knights
  A deep elf archer (D:13)
  2 orc sorcerers
  A deep elf mage (D:13)
  6 ugly things
  5 manticores
  6 cyclopes
  A faun (D:9)
  5 black mambas
  A water nymph (D:13)
  6 centaur zombies
  A guardian serpent (Lair:3)
  4 elephants (Lair:3)
  A gargoyle (D:12)
  8 spiny frogs
  9 rime drakes
  A kobold demonologist (D:11)
  5 yaktaurs
  3 komodo dragons
  2 freezing wraiths (D:15)
  A demonic crawler (Lair:4)
  A tengu conjurer (D:13)
  A queen bee (D:10)
  A troll (shapeshifter) (D:14)
  3 tyrant leeches
  7 trolls
  2 polar bears
  15 hippogriffs
  2 hornets
  17 blink frogs
  5 slime creatures
  7 dream sheep (Lair:6)
  3 bog bodies
  A water elemental (D:14)
  2 spriggans
  6 shadows
  7 wyverns
  2 vampires
  31 yaks
  A hungry ghost (D:9)
  A spatial vortex (D:12)
  2 hogs (Swamp:2)
  10 basilisks
  10 vampire mosquitoes
  A steam dragon (shapeshifter) (D:15)
  13 swamp worms
  A warg (Orc:1)
  13 insubstantial wisps
  A soldier ant (D:9)
  A hell hound (Lair:4)
  12 water moccasins
  10 porcupines
  2 swamp drakes
  17 orc warriors
  2 ice beasts
  9 sky beasts
  3 black bears
  21 ogres
  4 necrophages
  11 centaurs
  14 crocodiles
  5 big kobolds
  A gnoll sergeant (D:7)
  16 bullfrogs
  A wyvern skeleton (D:14)
  9 scorpions
  35 killer bees
  6 howler monkeys
  5 wights
  4 electric eels
  8 crimson imps
  2 bullfrog zombies
  2 quasits (D:9)
  A gnoll shaman (D:4)
  7 centaur skeletons
  10 orc priests
  5 bullfrog skeletons
  6 hounds
  20 jellies
  17 orc wizards
  5 iguanas
  6 worker ants
  A killer bee zombie (D:7)
  A hound skeleton (D:7)
  A howler monkey skeleton (D:11)
  11 gnolls
  17 adders
  3 shadow imps
  4 oozes
  An adder zombie (D:6)
  2 adder skeletons
  3 worms
  6 leopard geckos
  60 orcs
  A ball python (D:1)
  11 bats
  6 giant cockroaches
  9 goblins
  9 hobgoblins
  11 jackals
  6 quokkas
  A frilled lizard (D:4)
  A jackal zombie (D:8)
  26 kobolds
  A leopard gecko skeleton (D:8)
  2 quokka skeletons (D:6)
  5 rats
  2 fungi
790 creatures vanquished.

Vanquished Creatures (collateral kills)
  Rupert (Lair:3)
  A vault guard (D:13)
  Erolcha (D:13)
  2 two-headed ogres (Orc:2)
  Urug (Orc:1)
  A swamp dragon (Swamp:4)
  An orc knight (Orc:2)
  A harpy (shapeshifter) (D:15)
  A deep elf mage (D:15)
  2 ugly things
  A wyvern (Lair:4)
  2 hogs (Swamp:2)
  A basilisk (Lair:6)
  3 wargs
  6 orc warriors
  A swamp drake (Swamp:1)
  11 ogres (Orc:2)
  A bullfrog (Lair:3)
  A wyvern zombie (D:14)
  A scorpion (D:8)
  2 killer bees
  A lava snake (D:14)
  An orc priest (Orc:1)
  15 orcs
  A briar patch (Swamp:4)
60 creatures vanquished.

Vanquished Creatures (others)
  5 dancing weapons
  A rime drake (Lair:4)
  A wyvern (Lair:4)
  A hippogriff (Lair:4)
  A human (Swamp:3)
  2 basilisks (Lair:4)
  A phantom (D:4)
  A scorpion (Lair:4)
  A killer bee (D:10)
  An orc priest (Orc:2)
  2 orcs
  5 briar patches (Swamp:4)
  2 bushes
  23 fungi
  17 plants
64 creatures vanquished.

Grand Total: 914 creatures vanquished

Notes
Turn   | Place    | Note
-------+----------+-------------------------------------------
     0 | D:1      | MisterFreud the Gnoll Chaos Knight began the quest for the
                  | Orb.
     0 | D:1      | Reached XP level 1. HP: 23/23 MP: 1/1
    20 | D:1      | XOM: potion effect (heal wounds)
    32 | D:1      | XOM: butterfly on damage
   103 | D:1      | Reached XP level 2. HP: 11/29 MP: 2/2
   498 | D:1      | Found an iron altar of Okawaru.
   557 | D:1      | Reached XP level 3. HP: 35/35 MP: 3/3
   620 | D:1      | XOM: silly message
   647 | D:1      | XOM: give mutations
   647 | D:1      | Gained mutation: You are dopey. (Int -2) [Xom's mischief]
   647 | D:1      | Gained mutation: You occasionally shout uncontrollably at
                  | your foes. [Xom's mischief]
   647 | D:1      | Gained mutation: You are weak. (Str -2) [Xom's mischief]
   647 | D:1      | Gained mutation: You have sharp fingernails. [Xom's
                  | mischief]
   885 | D:1      | Reached skill level 1 in Invocations
  1136 | D:1      | XOM: god gift: tapered silver wand {god gift}
  1224 | D:1      | Found a viscous altar of Jiyva.
  1245 | D:1      | XOM: god gift: runed long sword {god gift}
  1569 | D:2      | XOM: scenery: create altars
  1607 | D:2      | Found a blossoming altar of Fedhas.
  1615 | D:2      | Reached skill level 1 in Long Blades
  1615 | D:2      | Reached skill level 1 in Axes
  1615 | D:2      | Reached skill level 1 in Maces & Flails
  1615 | D:2      | Reached skill level 1 in Polearms
  1615 | D:2      | Reached skill level 1 in Staves
  1615 | D:2      | Reached skill level 1 in Slings
  1615 | D:2      | Reached skill level 1 in Bows
  1615 | D:2      | Reached skill level 1 in Crossbows
  1615 | D:2      | Reached skill level 1 in Throwing
  1615 | D:2      | Reached skill level 1 in Stealth
  1615 | D:2      | Reached skill level 1 in Shields
  1615 | D:2      | Reached skill level 1 in Unarmed Combat
  1615 | D:2      | Reached skill level 1 in Spellcasting
  1615 | D:2      | Reached skill level 1 in Evocations
  1722 | D:2      | Reached XP level 4. HP: 35/41 MP: 5/5
  1784 | D:2      | XOM: give mutations
  1784 | D:2      | Gained mutation: You have sharp toenails. [Xom's grace]
  1784 | D:2      | Gained mutation: You are partially covered in molten
                  | scales. (AC +2) [Xom's grace]
  1784 | D:2      | Gained mutation: You have a pair of small antennae on your
                  | head. [Xom's grace]
  1784 | D:2      | Lost mutation: You are weak. (Str -2) [Xom's grace]
  1902 | D:2      | XOM: god gift: runed hat {god gift}
  2165 | D:3      | Found a bloodstained altar of Trog.
  2165 | D:3      | Found a stormy altar of Qazlal.
  2236 | D:3      | Found a shimmering blue altar of Sif Muna.
  2257 | D:3      | XOM: give mutations
  2257 | D:3      | Gained mutation: Your system is resistant to poisons.
                  | (rPois) [Xom's grace]
  2257 | D:3      | Gained mutation: You are partially covered in yellow
                  | scales. (AC +2) [Xom's grace]
  2257 | D:3      | Gained mutation: You have a pair of antennae on your head.
                  | [Xom's grace]
  2257 | D:3      | Gained mutation: You are partially covered in iridescent
                  | scales. (AC +2) [Xom's grace]
  2277 | D:3      | XOM: god gift: scroll labeled YPEOZXEIBB {god gift}
  2307 | D:3      | Reached skill level 1 in Conjurations
  2307 | D:3      | Reached skill level 1 in Hexes
  2307 | D:3      | Reached skill level 1 in Charms
  2307 | D:3      | Reached skill level 1 in Summonings
  2307 | D:3      | Reached skill level 1 in Necromancy
  2307 | D:3      | Reached skill level 1 in Translocations
  2307 | D:3      | Reached skill level 1 in Transmutations
  2307 | D:3      | Reached skill level 1 in Fire Magic
  2307 | D:3      | Reached skill level 1 in Ice Magic
  2307 | D:3      | Reached skill level 1 in Air Magic
  2307 | D:3      | Reached skill level 1 in Earth Magic
  2307 | D:3      | Reached skill level 1 in Poison Magic
  2678 | D:3      | Reached XP level 5. HP: 42/47 MP: 6/6
  2768 | D:3      | XOM: harmless Summ miscast
  2841 | D:4      | Found an opulent altar of Gozag.
  2845 | D:4      | XOM: swap monsters
  2964 | D:4      | Found Anamad's Book Emporium.
  2967 | D:4      | Bought a book of Minor Magic for 200 gold pieces
  2971 | D:4      | Learned a level 3 spell: Mephitic Cloud
  3100 | D:2      | XOM: give mutation
  3100 | D:2      | Lost mutation: Your system is resistant to poisons. (rPois)
                  | [Xom's mischief]
  3242 | D:4      | XOM: mild Hex miscast
  3245 | D:4      | Found a staircase to the Ecumenical Temple.
  3284 | D:4      | Reached XP level 6. HP: 51/53 MP: 8/8
  3284 | D:4      | XOM: stat loss: -1 Int (13/14)
  3325 | D:4      | Noticed a sky beast
  3343 | D:4      | Killed a sky beast
  3343 | D:4      | Reached skill level 5 in Armour
  3404 | D:4      | Noticed a phantom
  3407 | D:4      | XOM: divination: detect creatures
  3410 | D:4      | Banished a phantom
  3424 | D:4      | Reached XP level 7. HP: 46/59 MP: 10/10
  3642 | D:5      | Entered Level 5 of the Dungeon
  3807 | D:5      | Found a sparkling altar of Nemelex Xobeh.
  3919 | D:5      | XOM: give mutations
  3919 | D:5      | Lost mutation: You have sharp toenails. [Xom's mischief]
  3919 | D:5      | Gained mutation: You are frail. (-10% HP) [Xom's mischief]
  4030 | D:5      | XOM: give mutations
  4030 | D:5      | Lost mutation: You are dopey. (Int -2) [Xom's grace]
  4030 | D:5      | Gained mutation: Your system is resistant to poisons.
                  | (rPois) [Xom's grace]
  4030 | D:5      | Gained mutation: You evolve. [Xom's grace]
  4030 | D:5      | Gained mutation: You have sharp toenails. [Xom's grace]
  4331 | D:6      | XOM: blink monster(s)
  4343 | D:6      | Learned a level 2 spell: Blink
  4346 | D:6      | Learned a level 2 spell: Slow
  4377 | D:6      | XOM: noise
  4407 | D:6      | Learned a level 2 spell: Call Imp
  4493 | D:6      | XOM: swap monsters
  4498 | D:6      | Reached XP level 8. HP: 29/60 MP: 12/12
  4758 | D:6      | Found a sparkling altar of Nemelex Xobeh.
  4861 | D:6      | Found a runed translucent gate.
  4862 | D:6      | Found a runed translucent gate.
  4863 | D:6      | Found a runed translucent gate.
  4863 | D:6      | Noticed Yorgos's ghost (novice OpMo)
  4863 | D:6      | Noticed Yorgos's ghost (novice GnFi)
  4931 | D:6      | XOM: cloud trail
  5554 | D:7      | XOM: confuse monster(s)
  5596 | D:7      | Reached XP level 9. HP: 50/64 MP: 14/14
  5603 | D:7      | XOM: summons friendly white imp
  5606 | D:7      | XOM: 3-stop teleportation journey
  5607 | D:7      | XOM: silly message
  5648 | D:8      | XOM: god gift: 55 gold pieces
  5671 | D:8      | XOM: noise
  5717 | D:8      | Reached skill level 5 in Dodging
  5960 | D:8      | XOM: cast spell 'Cause Fear'
  5973 | D:8      | Reached skill level 5 in Invocations
  6220 | D:8      | Found a staircase to the Lair.
  6226 | D:8      | XOM: god gift: twisted smoking staff {god gift}
  6268 | D:7      | XOM: divination: detect creatures
  6273 | D:7      | XOM: noise
  6287 | D:7      | XOM: enchant monster (good)
  6293 | D:7      | Reached XP level 10. HP: 62/72 MP: 13/17
  6429 | D:7      | Found Moupraar's Weapon Shop.
  7077 | D:9      | XOM: harmless Hex miscast
  7083 | D:9      | Reached skill level 5 in Long Blades
  7083 | D:9      | Reached skill level 5 in Axes
  7083 | D:9      | Reached skill level 5 in Maces & Flails
  7083 | D:9      | Reached skill level 5 in Polearms
  7083 | D:9      | Reached skill level 5 in Staves
  7083 | D:9      | Reached skill level 5 in Slings
  7083 | D:9      | Reached skill level 5 in Bows
  7083 | D:9      | Reached skill level 5 in Crossbows
  7083 | D:9      | Reached skill level 5 in Throwing
  7083 | D:9      | Reached skill level 5 in Stealth
  7083 | D:9      | Reached skill level 5 in Shields
  7083 | D:9      | Reached skill level 5 in Unarmed Combat
  7083 | D:9      | Reached skill level 5 in Spellcasting
  7083 | D:9      | Reached skill level 5 in Evocations
  7165 | D:9      | XOM: god gift: twisted smoking staff {god gift}
  7372 | D:9      | Found a shimmering altar of Xom.
  7380 | D:9      | Found a hazy altar of Hepliaklqana.
  7380 | D:9      | Found a hide-covered altar of Uskayaw.
  7396 | D:9      | XOM: cloud trail
  7416 | D:9      | XOM: polymorph crimson imp -> quasit
  7423 | D:9      | XOM: enchant monster (good)
  7452 | D:9      | XOM: scenery: create altars
  7454 | D:9      | XOM: cast spell 'Cause Fear'
  7455 | D:9      | XOM: god gift: golden potion {god gift}
  7478 | D:9      | XOM: enchant monster (bad)
  7502 | D:9      | XOM: summons friendly iron imp
  7513 | D:9      | XOM: potion effect (invisibility)
  7616 | D:8      | XOM: scenery: create altars
  7915 | D:9      | Noticed a two-headed ogre
  7922 | D:9      | Noticed a faun
  7922 | D:9      | a two-headed ogre changed into a faun
  7922 | D:9      | XOM: polymorph two-headed ogre -> faun
  7925 | D:9      | XOM: enchant monster (good)
  7929 | D:9      | XOM: smoke on damage
  7932 | D:9      | Killed a faun
  8036 | D:9      | XOM: noise
  8486 | D:9      | XOM: polymorph troll -> spriggan
  8496 | D:9      | XOM: give mutation
  8496 | D:9      | Gained mutation: You sometimes yell uncontrollably at your
                  | foes. [Xom's mischief]
  8544 | D:10     | XOM: stealth player
  8544 | D:10     | Entered Level 10 of the Dungeon
  8556 | D:10     | XOM: swap monsters
  8759 | D:10     | Reached XP level 11. HP: 66/78 MP: 17/19
  8795 | D:10     | XOM: give mutation
  8795 | D:10     | Lost mutation: You are frail. (-10% HP) [Xom's mischief]
  8923 | D:10     | XOM: 2-stop teleportation journey
  9167 | D:10     | Noticed a two-headed ogre
  9176 | D:10     | Killed a two-headed ogre
  9380 | D:10     | XOM: fake destruction
  9422 | D:10     | Reached skill level 5 in Conjurations
  9422 | D:10     | Reached skill level 5 in Hexes
  9422 | D:10     | Reached skill level 5 in Charms
  9422 | D:10     | Reached skill level 5 in Summonings
  9422 | D:10     | Reached skill level 5 in Necromancy
  9422 | D:10     | Reached skill level 5 in Translocations
  9422 | D:10     | Reached skill level 5 in Transmutations
  9422 | D:10     | Reached skill level 5 in Fire Magic
  9422 | D:10     | Reached skill level 5 in Ice Magic
  9422 | D:10     | Reached skill level 5 in Air Magic
  9422 | D:10     | Reached skill level 5 in Earth Magic
  9422 | D:10     | Reached skill level 5 in Poison Magic
  9423 | D:10     | XOM: scenery: create altars
  9653 | D:11     | Noticed a two-headed ogre
  9661 | D:11     | XOM: mild Tmut miscast
  9669 | D:11     | Killed a two-headed ogre
  9962 | D:11     | XOM: enchant monster (bad)
 10069 | Lair:1   | Entered Level 1 of the Lair of Beasts
 10173 | Lair:1   | XOM: give mutation
 10173 | Lair:1   | Lost mutation: You sometimes yell uncontrollably at your
                  | foes. [Xom's mischief]
 10275 | Lair:1   | XOM: swap monsters
 10279 | Lair:1   | XOM: give mutations
 10279 | Lair:1   | Lost mutation: You evolve. [Xom's mischief]
 10658 | Lair:1   | XOM: 2-stop teleportation journey
 10681 | Lair:1   | XOM: medium Conj miscast
 10684 | Lair:1   | XOM: blink monster(s)
 10688 | Lair:1   | XOM: confuse monster(s)
 10750 | Lair:1   | Found a shimmering blue altar of Sif Muna.
 10752 | Lair:1   | XOM: noise
 10760 | Lair:1   | Found a runed translucent gate.
 10764 | Lair:1   | Found a runed translucent gate.
 10764 | Lair:1   | Found a runed translucent gate.
 10764 | Lair:1   | Noticed Ycsot's ghost (journeyman KoHu)
 10767 | Lair:1   | Found a viscous altar of Jiyva.
 10971 | Lair:1   | XOM: summons 5 hostile demons
 11269 | Lair:2   | Found a staircase to the Swamp.
 11280 | Lair:2   | XOM: blink monster(s)
 11591 | Lair:2   | XOM: confuse monster(s)
 11955 | Lair:3   | Reached XP level 12. HP: 81/96 MP: 18/22
 11984 | Lair:3   | XOM: silly message
 12100 | Lair:3   | XOM: confuse monster(s)
 12118 | Lair:3   | XOM: polymorph elephant -> guardian serpent
 12194 | Lair:3   | XOM: scenery: create altars
 12286 | Lair:3   | XOM: scenery: create altars
 12288 | Lair:3   | XOM: destruction
 12302 | Lair:3   | XOM: give mutation
 12302 | Lair:3   | Gained mutation: You have very sharp fingernails. [Xom's
                  | grace]
 12379 | Lair:3   | XOM: give mutations
 12379 | Lair:3   | Gained mutation: You have supernaturally acute eyesight.
                  | (SInv) [Xom's grace]
 12379 | Lair:3   | Gained mutation: Your natural rate of healing is unusually
                  | fast. [Xom's grace]
 12379 | Lair:3   | Gained mutation: You possess an exceptional clarity of
                  | mind. [Xom's grace]
 12663 | Lair:3   | XOM: summons friendly shadow imp
 12669 | Lair:3   | XOM: summons friendly quasit
 12676 | Lair:3   | XOM: blink monster(s)
 12679 | Lair:3   | XOM: blink monster(s)
 12701 | Lair:3   | XOM: enchant monster (bad)
 12706 | Lair:3   | Noticed Rupert
 12708 | Lair:3   | XOM: summons 3 hostile shadow creatures
 12709 | Lair:3   | Noticed a five-headed hydra
 12709 | Lair:3   | XOM: smoke on damage
 12726 | Lair:3   | XOM: harmless Pois miscast
 12734 | Lair:3   | Killed Rupert
 12775 | Lair:2   | XOM: harmless Tmut miscast
 13013 | Lair:3   | XOM: give mutations
 13013 | Lair:3   | Lost mutation: Your system is resistant to poisons. (rPois)
                  | [Xom's mischief]
 13013 | Lair:3   | Lost mutation: You possess an exceptional clarity of mind.
                  | [Xom's mischief]
 13013 | Lair:3   | Lost mutation: You have supernaturally acute eyesight.
                  | (SInv) [Xom's mischief]
 13161 | Lair:4   | Reached skill level 10 in Fighting
 13161 | Lair:4   | Reached skill level 10 in Short Blades
 13171 | Lair:4   | Noticed a five-headed hydra
 13173 | Lair:4   | Found a hole to the Spider Nest.
 13342 | Lair:4   | XOM: harmless Tmut miscast
 13450 | Lair:4   | XOM: enchant monster (bad)
 13467 | Lair:4   | XOM: divination: magic mapping
 13467 | Lair:4   | Reached XP level 13. HP: 89/103 MP: 24/24
 13610 | Lair:4   | XOM: cloud trail
 13743 | Lair:4   | XOM: noise
 13871 | Lair:4   | XOM: summons 4 hostile demons
 13876 | Lair:4   | XOM: cast spell 'Leda's Liquefaction'
 13902 | Lair:4   | XOM: destruction
 14318 | Lair:4   | XOM: cleaving
 14327 | Lair:4   | XOM: give mutations
 14327 | Lair:4   | Gained mutation: Your spells are a little harder to cast,
                  | but a little more powerful. [Xom's grace]
 14327 | Lair:4   | Gained mutation: You evolve. [Xom's grace]
 14327 | Lair:4   | Gained mutation: You have a pair of large antennae on your
                  | head. (SInv) [Xom's grace]
 14327 | Lair:4   | Gained mutation: Your muscles are strong. (Str +2) [Xom's
                  | grace]
 14405 | Lair:4   | XOM: scenery: 2 doors open
 14420 | Lair:4   | XOM: cast spell 'Summon Butterflies'
 14455 | Lair:4   | XOM: god gift: 56 gold pieces
 14458 | Lair:4   | XOM: noise
 14851 | Lair:5   | XOM: cloud trail
 14974 | Lair:5   | XOM: fog
 15191 | Lair:6   | Entered Level 6 of the Lair of Beasts
 15242 | Lair:6   | XOM: polymorph blink frog -> water moccasin
 15293 | Lair:6   | XOM: enchant monster (good)
 15309 | Lair:6   | XOM: divination: detect items
 15413 | Lair:6   | XOM: harmless Chrm miscast
 15425 | Lair:6   | XOM: cast spell 'Summon Butterflies'
 15448 | Lair:6   | XOM: harmless Hex miscast
 15582 | Lair:6   | XOM: confusion (+ monsters)
 15610 | Lair:6   | XOM: potion effect (agility)
 15718 | Lair:6   | XOM: mild Conj miscast
 15744 | Lair:6   | XOM: harmless Pois miscast
 15753 | Lair:6   | Found a staircase to the Slime Pits.
 15847 | Lair:6   | XOM: summons friendly crimson imp
 16054 | Lair:6   | Lost mutation: You evolve. [end of evolution]
 16219 | Lair:6   | XOM: noise
 16251 | Lair:6   | XOM: smoke on damage
 16253 | Lair:6   | XOM: divination: detect creatures
 16258 | Lair:6   | XOM: summons 2 friendly demons
 16331 | Lair:6   | XOM: give mutations
 16331 | Lair:6   | Lost mutation: You have a pair of large antennae on your
                  | head. (SInv) [Xom's mischief]
 16331 | Lair:6   | Lost mutation: Your spells are a little harder to cast, but
                  | a little more powerful. [Xom's mischief]
 16331 | Lair:6   | Lost mutation: You are partially covered in iridescent
                  | scales. (AC +2) [Xom's mischief]
 16354 | Lair:6   | XOM: cast spell 'Summon Butterflies'
 16358 | Lair:6   | XOM: fog
 16361 | Lair:6   | XOM: give mutations
 16361 | Lair:6   | Gained mutation: Scrolls take you a little longer to read.
                  | [Xom's mischief]
 16361 | Lair:6   | Lost mutation: You are partially covered in molten scales.
                  | (AC +2) [Xom's mischief]
 16361 | Lair:6   | Lost mutation: Your muscles are strong. (Str +2) [Xom's
                  | mischief]
 16368 | Lair:6   | XOM: enchant monster (good)
 16371 | Lair:6   | Reached XP level 14. HP: 95/111 MP: 23/26
 16455 | Lair:6   | XOM: summons friendly quasit
 16560 | Lair:6   | XOM: cleaving
 16585 | Lair:6   | XOM: polymorph catoblepas -> queen ant
 16592 | Lair:6   | XOM: enchant monster (bad)
 16647 | Lair:6   | XOM: god gift: 3 javelins
 16658 | Lair:6   | XOM: noise
 16775 | Lair:6   | XOM: scenery: create altars
 16779 | Lair:6   | XOM: enchant monster (good)
 16791 | Lair:6   | Reached skill level 10 in Armour
 16821 | Lair:6   | XOM: potion effect (haste)
 17036 | Lair:6   | XOM: mild Pois miscast
 17381 | Lair:6   | XOM: mild Tmut miscast
 17624 | Lair:1   | XOM: noise
 17626 | Lair:1   | XOM: blink monster(s)
 17643 | Lair:1   | XOM: harmless Tmut miscast
 17647 | Lair:1   | XOM: harmless Necr miscast
 17648 | Lair:1   | XOM: divination: detect items
 17657 | Lair:1   | XOM: potion effect (haste)
 17689 | Lair:1   | Killed Ycsot's ghost
 17742 | Lair:1   | XOM: harmless Ice miscast
 17875 | D:4      | Bought a book of Callings for 300 gold pieces
 17875 | D:4      | Bought a book of Party Tricks for 500 gold pieces
 17880 | D:4      | Learned a level 4 spell: Summon Lightning Spire
 17919 | D:5      | XOM: divination: detect creatures
 18057 | D:11     | XOM: mild Ice miscast
 18276 | D:11     | XOM: harmless Necr miscast
 18309 | D:11     | XOM: divination: detect items
 18322 | D:11     | XOM: harmless Tloc miscast
 18323 | D:11     | XOM: mild Chrm miscast
 18376 | D:11     | XOM: harmless Tloc miscast
 18413 | D:11     | Found a glowing golden altar of the Shining One.
 18895 | D:12     | XOM: summons friendly crimson imp
 18913 | D:12     | XOM: mild Tloc miscast
 18924 | D:12     | XOM: confuse monster(s)
 18991 | D:12     | XOM: smoke on damage
 19013 | D:12     | XOM: polymorph bullfrog -> jelly
 19070 | D:12     | XOM: smoke on damage
 19092 | D:12     | Reached skill level 10 in Invocations
 19141 | D:12     | XOM: chaos upgrade
 19209 | D:12     | Found a staircase to the Orcish Mines.
 19660 | D:13     | XOM: chaos cloud
 19665 | D:13     | Paralysed by you for 5 turns
 19752 | D:13     | XOM: chaos upgrade
 19756 | D:13     | XOM: stat loss: -1 Str (15/16)
 19870 | D:13     | XOM: 1-stop teleportation journey
 19871 | D:13     | Noticed Erolcha
 19878 | D:13     | Killed Erolcha
 19881 | D:13     | Noticed a dire elephant
 19881 | D:13     | a catoblepas changed into a dire elephant
 19881 | D:13     | XOM: polymorph catoblepas -> dire elephant
 19933 | D:13     | XOM: noise
 19934 | D:13     | Killed a dire elephant
 19934 | D:13     | XOM: swap monsters
 19997 | D:13     | XOM: give mutation
 19997 | D:13     | Gained mutation: Scrolls take you longer to read. [Xom's
                  | mischief]
 20004 | D:13     | XOM: harmless Conj miscast
 20008 | D:13     | XOM: confusion
 20015 | D:13     | XOM: summons 7 hostile demons
 20059 | D:13     | XOM: medium Tloc miscast
 20065 | D:13     | Gained mutation: You are clumsy. (Dex -2) [a neqoxec]
 20076 | D:13     | XOM: 1-stop teleportation journey
 20154 | D:13     | XOM: polymorph deep elf mage -> water nymph
 20156 | D:13     | XOM: mild Hex miscast
 20209 | D:13     | XOM: summons 7 hostile demons
 20335 | D:13     | XOM: god gift: scroll of amnesia
 20388 | D:13     | XOM: enchant monster (good)
 20401 | D:13     | XOM: summons friendly crimson imp
 20407 | D:14     | XOM: give mutations
 20407 | D:14     | Gained mutation: You are robust. (+10% HP) [Xom's grace]
 20407 | D:14     | Gained mutation: Your mind is acute. (Int +2) [Xom's grace]
 20407 | D:14     | Gained mutation: Your mind is very acute. (Int +4) [Xom's
                  | grace]
 20566 | D:14     | Reached skill level 10 in Crossbows
 20606 | D:14     | XOM: scenery: create altars
 20700 | D:14     | XOM: enchant monster (good)
 20748 | D:13     | Reached XP level 15. HP: 107/130 MP: 28/28
 20785 | D:13     | XOM: smoke on damage
 20941 | D:13     | Found a gate to the Vaults.
 20957 | D:13     | XOM: smoke on damage
 21036 | D:13     | XOM: scenery: 1 doors close
 21061 | D:13     | Reached skill level 10 in Dodging
 21172 | D:13     | XOM: give mutation
 21172 | D:13     | Gained mutation: You are very robust. (+20% HP) [Xom's
                  | grace]
 21198 | D:13     | XOM: summons 11 friendly demons
 21427 | D:13     | XOM: summons friendly quasit
 21429 | D:13     | XOM: enchant monster (good)
 21854 | D:14     | XOM: summons friendly ufetubus
 22311 | D:14     | XOM: scenery: create altars
 22330 | D:15     | Entered Level 15 of the Dungeon
 22335 | D:15     | XOM: divination: magic mapping
 22341 | D:15     | XOM: potion effect (might)
 22346 | D:15     | XOM: scenery: create altars
 22397 | D:15     | XOM: divination: detect items
 22565 | D:15     | XOM: noise
 22572 | D:14     | XOM: harmless Conj miscast
 22696 | D:14     | XOM: harmless Necr miscast
 22780 | D:15     | XOM: 1-stop teleportation journey
 22787 | D:15     | XOM: mild Ice miscast
 22809 | D:15     | XOM: divination: detect items
 22866 | D:15     | XOM: medium Conj miscast
 22873 | D:15     | XOM: harmless Chrm miscast
 23419 | Orc:1    | Entered Level 1 of the Orcish Mines
 23492 | Orc:2    | Entered Level 2 of the Orcish Mines
 23492 | Orc:2    | Found Notecoig's Antique Armour Shop.
 23552 | Orc:2    | Found Noiweleo's Assorted Antiques.
 23555 | Orc:2    | Found Ugyhau Idab's Distillery.
 23566 | Orc:2    | Bought a warped steel ring for 145 gold pieces
 23566 | Orc:2    | Bought a pair of runed boots for 217 gold pieces
 23566 | Orc:2    | Bought a scroll of fear for 101 gold pieces
 23566 | Orc:2    | Bought a scroll of teleportation for 87 gold pieces
 23581 | Orc:2    | Identified the ring "Zerawn" {rC++ rN+ Str+8 Int-2} (You
                  | bought it in a shop on level 2 of the Orcish Mines)
 23595 | Orc:2    | XOM: noise
 23611 | Orc:2    | XOM: potion effect (magic)
 23617 | Orc:2    | XOM: cast spell 'Olgreb's Toxic Radiance'
 23635 | Orc:2    | Reached skill level 10 in Long Blades
 23635 | Orc:2    | Reached skill level 10 in Axes
 23635 | Orc:2    | Reached skill level 10 in Maces & Flails
 23635 | Orc:2    | Reached skill level 10 in Polearms
 23635 | Orc:2    | Reached skill level 10 in Staves
 23635 | Orc:2    | Reached skill level 10 in Slings
 23635 | Orc:2    | Reached skill level 10 in Bows
 23635 | Orc:2    | Reached skill level 10 in Throwing
 23635 | Orc:2    | Reached skill level 10 in Stealth
 23635 | Orc:2    | Reached skill level 10 in Shields
 23635 | Orc:2    | Reached skill level 10 in Unarmed Combat
 23635 | Orc:2    | Reached skill level 10 in Spellcasting
 23635 | Orc:2    | Reached skill level 10 in Evocations
 23689 | Orc:2    | XOM: confuse monster(s)
 23690 | Orc:2    | XOM: cleaving
 23865 | Orc:2    | XOM: smoke on damage
 23912 | Orc:2    | XOM: divination: detect creatures
 23942 | Orc:2    | XOM: harmless Tmut miscast
 23951 | Orc:2    | Found Achihup's Magic Scroll Boutique.
 23951 | Orc:2    | Found Rapomac's Jewellery Shoppe.
 23951 | Orc:2    | Found Seorren's General Store.
 23951 | Orc:2    | Found Sovecis's Food Shop.
 23977 | Orc:2    | XOM: confuse monster(s)
 23983 | Orc:2    | XOM: cleaving
 23990 | Orc:2    | Found Zigrysh's Gadget Shop.
 24004 | Orc:2    | Bought a potion of invisibility for 144 gold pieces
 24004 | Orc:2    | Found Zuigyny's Distillery.
 24004 | Orc:2    | XOM: 8-stop teleportation journey
 24019 | Orc:2    | Bought a potion of heal wounds for 65 gold pieces
 24019 | Orc:2    | XOM: harmless Ice miscast
 24093 | Orc:2    | Bought a scroll of teleportation for 48 gold pieces
 24093 | Orc:2    | Bought a scroll of teleportation for 48 gold pieces
 24144 | Orc:2    | Found a staircase to the Elven Halls.
 24228 | Orc:2    | Bought a potion of heal wounds for 70 gold pieces
 24429 | Orc:1    | XOM: polymorph troll -> something unseen
 24746 | Orc:1    | Noticed Urug
 24750 | Orc:1    | XOM: cast spell 'Olgreb's Toxic Radiance'
 24764 | Orc:1    | XOM: potion effect (curing)
 24772 | Orc:1    | Killed Urug
 24890 | Orc:1    | XOM: cloud trail
 25233 | Swamp:1  | Entered Level 1 of the Swamp
 25327 | Swamp:1  | Reached XP level 16. HP: 59/152 MP: 30/30
 25467 | Swamp:1  | Noticed Nikola
 25511 | Swamp:1  | Killed Nikola
 25615 | Swamp:2  | Noticed a thorn hunter
 25621 | Swamp:2  | XOM: summons friendly quasit
 25624 | Swamp:2  | Killed a thorn hunter
 25778 | Swamp:2  | XOM: polymorph four-headed hydra -> tyrant leech
 26079 | Swamp:1  | XOM: cleaving
 26210 | Swamp:1  | You fall into a shaft and drop 1 floor!
 26293 | Swamp:2  | XOM: 3-stop teleportation journey
 26296 | Swamp:2  | XOM: harmless Tmut miscast
 26351 | Swamp:2  | XOM: blink monster(s)
 26600 | Swamp:2  | Learned a level 6 spell: Deflect Missiles
 26733 | Swamp:2  | XOM: cloud trail
 26831 | Swamp:3  | Found a transporter.
 26831 | Swamp:3  | Noticed Kirke
 26865 | Swamp:2  | Killed Kirke
 26890 | Swamp:3  | Noticed Coluror's ghost (journeyman MiBe)
 26968 | Swamp:3  | XOM: harmless Summ miscast
 27323 | Swamp:3  | Found a transporter.
 27422 | Swamp:4  | Entered Level 4 of the Swamp
 27434 | Swamp:4  | XOM: destruction
 27566 | Swamp:4  | XOM: god gift: scroll of enchant armour
 27681 | Swamp:4  | XOM: cast spell 'Summon Mana Viper'
 27684 | Swamp:4  | XOM: potion effect (berserk rage)
 27688 | Swamp:4  | Noticed a thorn hunter
 27697 | Swamp:4  | HP: 7/154 [eight-headed hydra (7)]
 27698 | Swamp:4  | HP: 2/154 [spectral six-headed hydra[a ghost crab] (7)]
 27698 | Swamp:4  | Mangled by an eight-headed hydra

Levels and vault maps discovered:
D:1:      erik_arrival_cave_to_civilisation [erik_arrival_cave_to_temple],
          layout_basic, okawaru_ov_weapons_minmay
D:2:      layout_basic, old_standard_altar, hangedman_decor_growths
D:3:      layout_loops_ring, nicolae_overflow_hidden_temple,
          chequers_temple_overflow_statue_of_worship,
          nicolae_overflow_crystal_walls, serial_forest,
          infiniplex_forest_clump_tiny, infiniplex_forest_lined_3,
          infiniplex_forest_lined_corner, infiniplex_forest_fountain,
          infiniplex_forest_clump_long, infiniplex_forest_corner_2
D:4:      layout_loops_cross, lemuel_round_altar, temple_doors_e, first_ration,
          serial_shops, kennysheep_mini
D:5:      layout_basic, nemelex_altar_shiori
D:6:      layout_loops_ring, gammafunk_ghost_cemetery, minmay_misc_feat_pillars,
          nemelex_dance_club_becter
D:7:      layout_basic, serial_shops, shop_fountains
D:8:      layout_rooms, lair_entry_dummy
D:9:      layout_basic, overflow_temple_1_default,
          gammafunk_temple_overflow_elements, hangedman_pestilent_swarm,
          minivault_26, serial_bayou_pond_b
D:10:     layout_long_grid, special_room [special_room_bee]
D:11:     layout_roguey, tso_altar
D:12:     layout_loops_ring
D:13:     layout_stronghold, grunt_vaults_entry_fortified,
          minmay_misc_feat_plants, st_stairs_12, uniq_erolcha
D:14:     layout_long_grid, serial_park_gazebo [serial_park_minivault_5x5_6],
          hangedman_abyss_or_decor_passed, nicolae_lava_and_water
D:15:     gammafunk_enter_depths_forms, layout_cave_pools, columned_hall_lemuel
Lair:1:   layout_small_grid, gammafunk_ghost_ooze, basic_altar,
          fungi_pond_lemuel, nicolae_lair_grove_arrangements
Lair:2:   layout_long_grid, skrybe_swamp_entry_bodies
Lair:3:   layout_loops_ring, small_statue_intersection, uniq_rupert
Lair:4:   layout_roguey [special_room_mythical_zoo],
          nicolae_spider_entry_non_spiders, fungi_pond_lemuel, minivault_11,
          infiniplex_staircase_pool
Lair:5:   layout_roguey
Lair:6:   evilmike_catoblepas_cave, layout_regular_city,
          minmay_slime_entry_jelly_boxes, lemuel_fruit_tree, grunt_megastairs_5
Swamp:1:  layout_basic_swamp, evilmike_swamp_ruin_house_3, uniq_nikola
Swamp:2:  layout_falls_marsh, nicolae_swamp_round_clearing, hangedman_swamp_dais
Swamp:3:  gammafunk_mikee_crab_dinner, layout_falls_marsh,
          gammafunk_ghost_berserking_beasts, hangedman_swamp_ruin_hall,
          swamp_pool3, uniq_kirke
Swamp:4:  swamp_alternative, layout_basic_swamp, infiniplex_staircase_pool_2
Orc:1:    layout_diamond_mine, uniq_urug
Orc:2:    st_orc_ogre_mass, layout_caves, serial_shops, shop,
          nicolae_shop_waterfront, shop_fountains, shop, shop

Skill      XL: |  1  2  3  4  5  6  7  8  9 10 11 12 13 14 15 16 |
---------------+-------------------------------------------------+-----
Invocations    | 1 2 3 4 5 6 7 8 9 10 11 | 11.7
Long Blades    | 1 2 3 4 5 6 7 8 9 10 | 10.8
Axes           | 1 2 3 4 5 6 7 8 9 10 | 10.8
Maces & Flails | 1 2 3 4 5 6 7 8 9 10 | 10.8
Polearms       | 1 2 3 4 5 6 7 8 9 10 | 10.8
Staves         | 1 2 3 4 5 6 7 8 9 10 | 10.8
Slings         | 1 2 3 4 5 6 7 8 9 10 | 10.8
Bows           | 1 2 3 4 5 6 7 8 9 10 | 10.8
Crossbows      | 1 2 3 4 5 6 7 8 10 11 12 | 12.3
Throwing       | 1 2 3 4 5 6 7 8 9 10 | 10.8
Stealth        | 1 2 3 4 5 6 7 8 9 10 | 10.8
Shields        | 1 2 3 4 5 6 7 8 9 10 | 10.8
Unarmed Combat | 1 2 3 4 5 6 7 8 9 10 | 10.8
Spellcasting   | 1 2 3 4 5 6 7 8 9 10 | 10.8
Evocations     | 1 2 3 4 5 6 7 8 9 10 | 10.8
Conjurations   | 1 2 3 4 5 6 7 8 9 |  9.2
Hexes          | 1 2 3 4 5 6 7 8 9 |  9.2
Charms         | 1 2 3 4 5 6 7 8 9 |  9.2
Summonings     | 1 2 3 4 5 6 7 8 9 |  9.2
Necromancy     | 1 2 3 4 5 6 7 8 9 |  9.2
Translocations | 1 2 3 4 5 6 7 8 9 |  9.2
Transmutations | 1 2 3 4 5 6 7 8 9 |  9.2
Fire Magic     | 1 2 3 4 5 6 7 8 9 |  9.2
Ice Magic      | 1 2 3 4 5 6 7 8 9 |  9.2
Air Magic      | 1 2 3 4 5 6 7 8 9 |  9.2
Earth Magic    | 1 2 3 4 5 6 7 8 9 |  9.2
Poison Magic   | 1 2 3 4 5 6 7 8 9 |  9.2
Dodging        | 3 4 5 6 7 8 9 10 11 | 11.1
Armour         | 5 6 7 8 9 10 11 | 11.6
Fighting       | 7 8 9 10 11 12 | 12.4
Short Blades   | 7 8 9 10 11 12 | 12.4

Action                   |  1- 3 |  4- 6 |  7- 9 | 10-12 | 13-15 | 16-18 || total
-------------------------+-------+-------+-------+-------+-------+-------++-------
Melee: Short sword       |   128 |       |       |       |  1561 |    22 ||  1711
       Bite              |    18 |    13 |    31 |   111 |   294 |    50 ||   517
       Long sword        |    19 |    81 |   251 |   674 |   329 |    40 ||  1394
       Kick              |       |    18 |    89 |    81 |       |       ||   188
       Punch             |       |     1 |     6 |    41 |    95 |    23 ||   166
       Rapier            |       |       |       |       |       |   268 ||   268
       Unarmed           |       |       |       |       |       |     6 ||     6
 Cast: Call Imp          |       |       |     3 |       |       |       ||     3
       Mephitic Cloud    |       |       |    10 |    47 |    28 |       ||    85
       Summon Lightning  |       |       |       |       |    30 |     9 ||    39
       Blink             |       |       |       |       |     1 |       ||     1
       Deflect Missiles  |       |       |       |       |       |     1 ||     1
Evoke: Wand              |       |       |       |       |     8 |       ||     8
  Use: Scroll            |       |       |     1 |    21 |    11 |     7 ||    40
       Potion            |       |       |       |     1 |     6 |     4 ||    11
 Stab: Sleeping          |     4 |     3 |     2 |    10 |    13 |       ||    32
       Distracted        |     1 |       |       |     3 |    15 |     1 ||    20
       Confused          |       |     1 |    10 |    37 |    44 |       ||    92
       Paralysed         |       |       |     3 |     8 |     2 |       ||    13
       Petrified         |       |       |     2 |     3 |     5 |       ||    10
       Petrifying        |       |       |       |     4 |     1 |       ||     5
  Eat: Chunk             |     3 |     5 |    10 |    26 |    36 |     9 ||    89
       Ration            |       |       |       |     4 |     1 |       ||     5
Armor: Leather armour    |    43 |    30 |   117 |   267 |   470 |   160 ||  1087
Dodge: Dodged            |    87 |    63 |   173 |   638 |  1281 |   373 ||  2615
       Deflected         |       |       |       |       |       |     2 ||     2
       Rpst.: Long sword |     3 |    21 |    54 |   158 |    59 |    10 ||   305

Table legend:
 A = Non-vault XP
 B = Vault XP
 C = Vault XP percentage of total XP
 D = Non-vault monster count
 E = Vault monster count
 F = Vault count percentage of total count
                 A         B        C        D         E       F
            +---------+---------+-------+---------+---------+-------
      Total |  106169 |   60292 |  36.2 |     677 |     176 |  20.6
            +---------+---------+-------+---------+---------+-------
        D:1 |      62 |       4 |   6.1 |      36 |       2 |   5.3
        D:2 |      26 |       0 |   0.0 |       9 |       0 |   0.0
        D:3 |      78 |       0 |   0.0 |      20 |       0 |   0.0
        D:4 |     475 |       0 |   0.0 |      19 |       0 |   0.0
        D:5 |     306 |       0 |   0.0 |      11 |       0 |   0.0
        D:6 |     747 |     125 |  14.3 |      22 |       2 |   8.3
        D:7 |    1497 |       0 |   0.0 |      36 |       0 |   0.0
        D:8 |    2113 |       0 |   0.0 |      43 |       0 |   0.0
        D:9 |    1982 |    1021 |  34.0 |      37 |       6 |  14.0
       D:10 |    3032 |    1390 |  31.4 |      20 |      20 |  50.0
       D:11 |    4411 |       0 |   0.0 |      32 |       0 |   0.0
       D:12 |    7369 |       0 |   0.0 |      46 |       0 |   0.0
       D:13 |    9234 |    5776 |  38.5 |      37 |      12 |  24.5
       D:14 |    3257 |     990 |  23.3 |      19 |       1 |   5.0
       D:15 |    8172 |    1873 |  18.6 |      36 |       4 |  10.0
     Lair:1 |    3082 |    1079 |  25.9 |      20 |       3 |  13.0
     Lair:2 |    1199 |     246 |  17.0 |       6 |       1 |  14.3
     Lair:3 |    7863 |    1236 |  13.6 |      34 |       1 |   2.9
     Lair:4 |    6684 |    6010 |  47.3 |      23 |      32 |  58.2
     Lair:5 |    1863 |       0 |   0.0 |      10 |       0 |   0.0
     Lair:6 |    6450 |   15011 |  69.9 |      26 |      40 |  60.6
    Swamp:1 |    7976 |    3286 |  29.2 |      17 |       1 |   5.6
    Swamp:2 |   14207 |    2641 |  15.7 |      28 |       5 |  15.2
    Swamp:3 |    4098 |       0 |   0.0 |      22 |       0 |   0.0
    Swamp:4 |    2872 |    5058 |  63.8 |       7 |       7 |  50.0
      Orc:1 |    3437 |     603 |  14.9 |      27 |       1 |   3.6
      Orc:2 |    3677 |   13943 |  79.1 |      34 |      38 |  52.8
            +---------+---------+-------+---------+---------+-------
